 Dungeon Crawl Stone Soup version 0.18.1-50-g88ac8fd (webtiles) character file.

1452 tra the Ducker (level 8, -2/93 HPs)
             Began as a Demonspawn Berserker on Oct 3, 2016.
             Was an Elder of Trog.
             Slain by a vampire mosquito (5 damage)
             ... on level 7 of the Dungeon.
             The game lasted 00:23:33 (6224 turns).

tra the Ducker (Demonspawn Berserker)               Turns: 6224, Time: 00:23:34

Health: -2/93      AC:  9    Str: 22    XL:     8   Next: 47%
Magic:  8/8        EV: 21    Int: 12    God:    Trog [****..]
Gold:   276        SH:  0    Dex: 20    Spells: 0 memorised, 7 levels left

rFire  . . .     SeeInvis .     h - +2 spear of Eruer {pain, +Blink rN+ Int+3}
rCold  . . .     Gourm    +     y - +0 troll leather armour {Purgy}
rNeg   + . .     Faith    .     (no shield)
rPois  .         Spirit   .     w - +1 hat
rElec  .         Dismiss  .     (no cloak)
rCorr  .         Reflect  .     (no gloves)
SustAt .         Harm     .     l - +1 pair of boots
MR     .....     Rnd*Tele +     v - amulet of the gourmand
Stlth  ..........               D - ring of teleportation (curse)
                                d - ring of stealth

@: agile, berserking (expiring), very quick, not resistant to hostile
enchantments, extremely unstealthy
A: talons 1, thin metallic scales 1, powered by pain 2
a: Berserk, Trog's Hand, Brothers in Arms, Burn Spellbooks, Renounce Religion,
Evoke Blink


You were on level 7 of the Dungeon.
You worshipped Trog.
Trog was greatly pleased with you.
You were very full.

You visited 1 branch of the dungeon, and saw 7 of its levels.
You also visited: Sewer.

You collected 276 gold pieces.

Inventory:

Hand Weapons
 a - a +0 hunting sling
 b - a +2 whip of venom
 h - the +2 spear of Eruer (weapon) {pain, +Blink rN+ Int+3}
   (You found it on level 4 of the Dungeon)

   In the hands of one skilled in necromantic magic, it inflicts extra damage on
   living creatures.
   It affects your intelligence (+3).
   It protects you from negative energy.
   It lets you blink.
 C - a +1 shortbow of flaming
 E - a +0 hand axe of venom
Missiles
 e - 165 stones (quivered)
 g - 6 javelins
 q - 5 tomahawks
 t - 13 sling bullets
 J - 4 curare-tipped needles
Armour
 l - a +1 pair of boots (worn)
 w - a +1 hat (worn)
 y - a +0 troll leather armour (worn) {Purgy}
Jewellery
 d - a ring of stealth (left hand)
 v - an amulet of the gourmand (around neck)
 B - an uncursed ring of fire
 D - a cursed ring of teleportation (right hand)
Wands
 K - a wand of slowing (26/48)
Scrolls
 n - 6 scrolls of remove curse
 F - 2 scrolls of recharging
 H - a scroll of magic mapping
 I - a scroll of identify
Potions
 f - a potion of haste {unknown}
 i - 3 potions of flight
 j - 3 potions of invisibility {unknown}
 k - 2 potions of lignification {unknown}
 o - a potion of mutation {unknown}
 p - a potion of might {unknown}
 s - a potion of beneficial mutation {unknown}
 z - 2 potions of agility {unknown}
 A - a potion of degeneration {unknown}
 L - a potion of cancellation {unknown}
Miscellaneous
 x - a plain deck of wonders
Comestibles
 c - 6 bread rations
 m - a beef jerky
 r - 8 fruits
 u - a meat ration


   Skills:
 + Level 5.2 Fighting
 + Level 3.6 Maces & Flails
 + Level 1.0 Polearms
 + Level 1.9 Slings
 + Level 3.4 Armour
 + Level 6.0 Dodging
 * Level 4.8 Stealth


You had 7 spell levels left.
You didn't know any spells.

Dungeon Overview and Level Annotations

Branches:
Dungeon (7/15)             Temple (0/1) D:6

Altars:
Cheibriados
Dithmenos
Fedhas
Gozag
Kikubaaqudgha
Nemelex Xobeh
Pakellas
Qazlal
Ru
Sif Muna
Vehumet
Xom
The Shining One


Innate Abilities, Weirdness & Mutations

You have sharp toenails.
You are partially covered in thin metallic scales (AC +2).
You sometimes gain power by taking damage.


Message History

You feel agile all of a sudden.
You are too injured to fight recklessly!
You puncture the vampire mosquito!
The vampire mosquito is almost destroyed.
The vampire mosquito bites you!
* * * LOW HITPOINT WARNING * * *
The vampire mosquito completely misses you.
The centaur skeleton hits you.
* * * LOW HITPOINT WARNING * * *
The vampire mosquito completely misses you.
You barely miss the vampire mosquito.
The vampire mosquito is almost destroyed.
The vampire mosquito misses you. x2; The centaur skeleton hits you.
* * * LOW HITPOINT WARNING * * *
The vampire mosquito barely misses you.
You puncture the vampire mosquito!
You destroy the vampire mosquito!
Your Dodging skill increases to level 6!
The vampire mosquito bites you.
You die...

## #. #.## #..#
#
####.#..#.#####
.......@y......
##.#.##.Z$....#
.(......#
##.......#
+(....(.#
#.......#
#(......#
#####..##


You could see a vampire mosquito and a centaur skeleton.

Vanquished Creatures
  2 vampire mosquitoes (D:7)
  A water moccasin (D:5)
  Purgy (Sewer)
  A black bear (D:6)
  A phantom (D:5)
  3 ogres
  An orc priest (D:3)
  2 hounds
  4 orc wizards
  Jessica (D:2)
  2 worker ants
  4 gnolls (D:3)
  12 adders
  7 giant geckos
  28 orcs
  A ball python (D:6)
  6 giant cockroaches
  6 goblins
  14 hobgoblins
  8 jackals
  A quokka (D:2)
  A ball python skeleton (D:5)
  10 bats
  A giant newt (D:1)
  14 kobolds
  9 rats
141 creatures vanquished.

Notes
Turn   | Place    | Note
--------------------------------------------------------------
     0 | D:1      | tra the Demonspawn Berserker began the quest for the Orb.
     0 | D:1      | Reached XP level 1. HP: 18/18 MP: 1/1
   301 | D:1      | Reached skill level 2 in Dodging
   307 | D:1      | Gained mutation: You are partially covered in thin metallic scales (AC +2). [demonic ancestry]
   307 | D:1      | Reached XP level 2. HP: 8/24 MP: 2/2
   572 | D:1      | Reached skill level 1 in Stealth
  1083 | D:1      | Gained mutation: You sometimes gain a little power by taking damage. [demonic ancestry]
  1083 | D:1      | Reached XP level 3. HP: 29/29 MP: 3/3
  1109 | D:1      | Reached ** piety under Trog
  1639 | D:2      | Reached XP level 4. HP: 28/35 MP: 4/4
  1766 | D:2      | Reached skill level 3 in Dodging
  1919 | D:2      | Noticed Jessica
  1932 | D:2      | Killed Jessica
  2009 | D:2      | Found a glowing golden altar of the Shining One.
  2221 | D:3      | Reached *** piety under Trog
  2307 | D:3      | Found a blossoming altar of Fedhas.
  2356 | D:3      | Gained mutation: You sometimes gain power by taking damage. [demonic ancestry]
  2356 | D:3      | Reached XP level 5. HP: 41/41 MP: 5/5
  3279 | D:4      | Gained mutation: You have sharp toenails. [demonic ancestry]
  3279 | D:4      | Reached XP level 6. HP: 40/48 MP: 6/6
  3311 | D:4      | Found a sparkling altar of Nemelex Xobeh.
  3370 | D:4      | Found a glowing drain.
  3402 | Sewer    | Entered a sewer
  3415 | Sewer    | Reached **** piety under Trog
  3488 | Sewer    | Noticed Purgy
  3497 | Sewer    | Killed Purgy
  3497 | Sewer    | Reached skill level 1 in Slings
  3497 | Sewer    | Reached skill level 4 in Dodging
  3646 | D:4      | Reached XP level 7. HP: 41/53 MP: 7/7
  3890 | D:4      | Found a shimmering altar of Xom.
  3892 | D:4      | Got a warped spear
  3893 | D:4      | Identified the +2 spear of Eruer {pain, +Blink rN+ Int+3} (You found it on level 4 of the Dungeon)
  4207 | D:5      | Entered Level 5 of the Dungeon
  4359 | D:5      | Found an opulent altar of Gozag.
  4607 | D:5      | Found a sacrificial altar of Ru.
  4775 | D:5      | Reached skill level 5 in Dodging
  5001 | D:5      | Reached XP level 8. HP: 61/61 MP: 8/8
  5363 | D:6      | Found a snail-covered altar of Cheibriados.
  5498 | D:6      | Found an oddly glowing altar of Pakellas.
  5498 | D:6      | Found a stormy altar of Qazlal.
  5499 | D:6      | Found a shadowy altar of Dithmenos.
  5795 | D:6      | Found a staircase to the Ecumenical Temple.
  6163 | D:6      | Found a radiant altar of Vehumet.
  6163 | D:6      | Found an ancient bone altar of Kikubaaqudgha.
  6164 | D:6      | Found a deep blue altar of Sif Muna.
  6170 | D:6      | Identified Kikubaaqudgha's Volume of Darkness
  6217 | D:7      | Reached skill level 5 in Fighting
  6217 | D:7      | Reached skill level 1 in Polearms
  6223 | D:7      | HP: 2/93 [centaur skeleton (6)]
  6224 | D:7      | Reached skill level 6 in Dodging
  6224 | D:7      | Slain by a vampire mosquito

Skill      XL: |  1  2  3  4  5  6  7  8 |
---------------+-------------------------+-----
Dodging        | 2 3 4 5 6 |  6.0
Stealth        | 1 2 3 4 |  4.8
Maces & Flails | 3 |  3.6
Armour         | 2 3 |  3.4
Slings         | 1 |  1.9
Fighting       | 4 5 |  5.2
Polearms       | 1 |  1.0

Action                   |  1- 3 |  4- 6 |  7- 9 || total
-------------------------+-------+-------+-------++-------
Melee: Mace              |    20 |       |       ||    20
       Whip              |   143 |   174 |    26 ||   343
       Spear             |       |       |   267 ||   267
 Fire: Hunting sling     |       |    24 |     2 ||    26
Invok: Berserk           |       |     2 |     3 ||     5
       Trog's Hand       |       |       |     1 ||     1
       Burn Spellbooks   |       |       |     2 ||     2
  Use: Scroll            |     2 |     7 |     6 ||    15
 Stab: Sleeping          |     3 |     9 |     6 ||    18
       Distracted        |       |       |     2 ||     2
  Eat: Chunk             |     2 |    16 |    17 ||    35
Armor: Animal skin       |    48 |     5 |       ||    53
       Ring mail         |       |    81 |    10 ||    91
       Troll leather arm |       |       |    90 ||    90
Dodge: Dodged            |   126 |   129 |   211 ||   466
